 Dungeon Crawl Stone Soup version 0.24.0-1-gfbc8707122 (webtiles) character file.

Game seed: 7341765901739601530, levelgen mode: deterministic

85 theswoord the Cudgeler (level 4, -6/35 HPs)
             Began as a Demonspawn Abyssal Knight on Oct 28, 2019.
             Was a Believer of Lugonu.
             Mangled by a worm (10 damage)
             ... on level 2 of the Dungeon.
             The game lasted 00:02:33 (1712 turns).

theswoord the Cudgeler (Demonspawn Abyssal Knight)  Turns: 1712, Time: 00:02:33

Health: -6/35      AC:  3    Str: 13    XL:     4   Next: 25%
Magic:  0/5        EV: 11    Int: 13    God:    Lugonu [**....]
Gold:   81         SH:  0    Dex: 15    Spells: 3/3 levels left

rFire    . . .     SeeInvis .   h - +0 whip
rCold    . . .     Gourm    .   (no shield)
rNeg     . . .     Faith    .   b - +0 leather armour
rPois    .         Spirit   +   (helmet restricted)
rElec    .         Reflect  .   (no cloak)
rCorr    .         Harm     .   (no gloves)
MR       .....                  (no boots)
Stlth    ++........             (no amulet)
HPRegen  0.11/turn              (no ring)
MPRegen  0.09/turn              (no ring)

@: no status effects
A: antennae 1, thin skeletal structure 1, magic shield
a: Depart the Abyss, Bend Space, Renounce Religion


You were on level 2 of the Dungeon.
You worshipped Lugonu.
Lugonu was pleased with you.
You were not hungry.

You visited 1 branch of the dungeon, and saw 2 of its levels.
You visited the Abyss 1 time.

You collected 81 gold pieces.

Inventory:

Hand Weapons
 a - a +1 mace
 h - a +0 whip (weapon)
Missiles
 i - 10 poisoned darts (quivered)
Armour
 b - a +0 leather armour (worn)
Scrolls
 d - a scroll of teleportation
 f - a scroll of remove curse
Potions
 e - a potion of brilliance {unknown}
 g - a potion of flight {unknown}
Comestibles
 c - 2 rations
 j - 2 chunks of flesh


   Skills:
 - Level 3.0 Fighting
 + Level 4.1 Maces & Flails
 - Level 1.7 Armour
 - Level 0.8 Dodging
 - Level 2.4 Invocations


You had 3 spell levels left.
You didn't know any spells.
Your spell library was empty.

Dungeon Overview and Level Annotations

Branches:
Dungeon (2/15)

Altars:


Innate Abilities, Weirdness & Mutations

You have a pair of small antennae on your head.
You have a somewhat thin skeletal structure. (Dex +2, Stealth)
When hurt, damage is shared between your health and your magic reserves.


Message History

The worm is heavily wounded.
You hit the worm.
The worm is heavily wounded.
The worm bites you!
You hit the worm but do no damage.
The worm is heavily wounded.
You completely miss the worm.
The worm is heavily wounded.
The worm bites you!
* * * LOW HITPOINT WARNING * * *
You hit the worm.
The worm is severely wounded.
The worm bites you!
* * * LOW HITPOINT WARNING * * *
You hit the worm but do no damage.
The worm is severely wounded.
You hit the worm.
The worm is almost dead.
The worm bites you!
You die...

#,#.## *******,,,,***,** ##.#.#
*,,,,,,,,****,*,**
***#....#****,**###,.#**,***,*
#.......rggg...,..#,.##.** **,
#.##....#####.#*#.#....,,***,,
*,*##.#.# *** #.#..#***,*,**
*,* #.#.#########.#..####*,**
*,* #.#..................,,*
****,**#.#.##..w@......<#******
,,,,,,,,,#.##.##..##.##.#
****,*,,,,,,,.....##.##.#
*,*,***,...##.###.##.# *,*,*
*#..,...##...#.# *,*,*
#.**###.....#.### *,*,* #,*
#.#.......#**##* *,*,* *,*
*#.###.#.#.##>..*
*,*,****,****...#...........*


You could see a worm.

Vanquished Creatures
  4 gnolls (D:2)
  An adder (D:2)
  A worm (D:2)
  A dart slug (D:1)
  A leopard gecko (D:1)
  4 bats
  6 goblins
  7 hobgoblins
  2 kobolds
  A quokka (D:2)
  A ball python (D:2)
  2 frilled lizards
  2 rats (D:1)
33 creatures vanquished.

Notes
Turn   | Place    | Note
-------+----------+-------------------------------------------
     0 | Abyss:1  | theswoord the Demonspawn Abyssal Knight began the quest for
                  | the Orb.
     0 | Abyss:1  | Reached XP level 1. HP: 18/18 MP: 2/2
    10 | D:1      | Escaped the Abyss
    61 | D:1      | Reached skill level 2 in Maces & Flails
   137 | D:1      | Gained mutation: When hurt, damage is shared between your
                  | health and your magic reserves. [demonic ancestry]
   137 | D:1      | Reached XP level 2. HP: 12/24 MP: 3/3
   778 | D:2      | Reached skill level 3 in Maces & Flails
   870 | D:2      | Reached ** piety under Lugonu
   885 | D:2      | Gained mutation: You have a pair of small antennae on your
                  | head. [demonic ancestry]
   885 | D:2      | Reached XP level 3. HP: 16/29 MP: 4/4
  1414 | D:2      | Reached skill level 4 in Maces & Flails
  1414 | D:2      | Gained mutation: You have a somewhat thin skeletal
                  | structure. (Dex +2, Stealth) [demonic ancestry]
  1414 | D:2      | Reached XP level 4. HP: 21/35 MP: 3/5
  1712 | D:2      | Mangled by a worm

Skill      XL: |  1  2  3 |
---------------+----------+-----
Maces & Flails | 2 3 4 |  4.1
Fighting       | |  3.0
Armour         | |  1.7
Dodging        | |  0.8
Invocations    | |  2.4

Action                   |  1- 3 |  4- 6 || total
-------------------------+-------+-------++-------
Melee: Mace              |    96 |     7 ||   103
       Whip              |       |    21 ||    21
  Use: Scroll            |     3 |       ||     3
       Potion            |     1 |       ||     1
 Stab: Sleeping          |       |     1 ||     1
  Eat: Chunk             |     2 |     1 ||     3
Armor: Leather armour    |    28 |       ||    28
Dodge: Dodged            |    64 |    12 ||    76

Levels and vault maps discovered:
D:1:      dpeg_arrival_simpleton_a, layout_basic
D:2:      layout_loops_ring
